 Dungeon Crawl Stone Soup version 0.20.1-1-g8b1a95d (webtiles) character file.

102 Jazqa the Sneak (level 4, -1/34 HPs)
             Began as a Vampire Assassin on Oct 30, 2017.
             Slain by a centaur (5 damage)
             ... on level 5 of the Dungeon.
             The game lasted 00:03:36 (4059 turns).

Jazqa the Sneak (Vampire Assassin)                  Turns: 4059, Time: 00:03:37

Health: -1/34      AC:  3    Str: 10    XL:     4   Next: 49%
Magic:  4/4        EV: 12    Int: 19    God:
Gold:   130        SH:  0    Dex: 16    Spells: 3/3 levels left

rFire    . . .     SeeInvis +   a - +2 dagger
rCold    + . .     Gourm    .   (no shield)
rNeg     + + .     Faith    .   c - +0 robe
rPois    +         Spirit   .   k - +0 hat
rElec    .         Reflect  .   d - +0 cloak
rCorr    .         Harm     .   (no gloves)
MR       .....                  (no boots)
Stlth    +++++.....             (no amulet)
Regen    0.1/turn               (no ring)
MPRegen  0.1/turn               I - +6 ring of intelligence

@: regenerating slowly
A: fangs 3, see invisible, unbreathing
a: Bat Form


You were on level 5 of the Dungeon.
You were near bloodless.

You visited 1 branch of the dungeon, and saw 5 of its levels.

You collected 130 gold pieces.


Innate Abilities, Weirdness & Mutations

You heal slowly.
You have razor-sharp teeth.
You have supernaturally acute eyesight. (SInv)
You can survive without breathing.


   Skills:
 + Level 2.4 Fighting
 + Level 3.8 Short Blades
 - Level 1.5 Throwing
 - Level 1.1 Dodging
 + Level 7.1 Stealth


You had 3 spell levels left.
You didn't know any spells.

Inventory:

Hand Weapons
 a - a +2 dagger (weapon)
 b - a +0 blowgun {@w1}
Missiles
 e - 19 poisoned needles
 f - 2 curare-tipped needles {=f}
Armour
 c - a +0 robe (worn)
 d - a +0 cloak (worn)
 k - a +0 hat (worn)
Jewellery
 I - a +6 ring of intelligence (right hand)
Scrolls
 h - a scroll of immolation {unknown}
 i - 2 scrolls of identify {unknown}
 j - a scroll of recharging {unknown}
 n - 4 scrolls of teleportation {unknown}
 o - a scroll of remove curse {unknown}
 q - a scroll of fear {unknown}
Potions
 g - 6 potions of blood
 l - a potion of berserk rage {unknown}
 m - a potion of resistance {unknown}
 p - a potion of mutation {unknown}

Dungeon Overview and Level Annotations

Branches:
Dungeon (5/15)             Temple (0/1) D:5

Altars:
Elyvilon
Gozag
Makhleb
Qazlal
Trog

Annotations:
D:4 Linguinho's ghost, weakling DsAs; Sigmund

..# ... #.#
####### #.#
....... ######.#
.......##(##...#
....>..#(#.#...#
.......c###....#
.....c.#@#.##.##
..#888###.###.#
..8.s. #.# #.#
#/..> #.# #.#
##8.. #.. #.#
##8 ##. #.# ##
.##.# .##.#
.##.#


You could see a centaur.


Message History

Unknown command.
Yummy - fresh blood!
You are feeling very thirsty.
You start resting.
You feel almost devoid of blood!
You start resting.
One of your 7 potions of blood rots away.
Found two stone staircases leading down.
A scorpion and a centaur come into view.
The centaur shouts!
The centaur wields a shortbow.
The centaur shoots an arrow.
The arrow hits you!
* * * LOW HITPOINT WARNING * * *
Found a worn gold wand.
Found a staircase to the Ecumenical Temple.
There is a stone staircase leading down here.
You see here an arrow.
The centaur shoots an arrow.
The arrow hits you.
* * * LOW HITPOINT WARNING * * *
You see here an arrow.
Unknown command.
The centaur shoots an arrow.
The arrow hits you.
* * * LOW HITPOINT WARNING * * *
You see here an arrow.
Unknown command.
The centaur unwields an uncursed shortbow.
The centaur barely misses you.
You hit the centaur.
The centaur is moderately wounded.
The centaur hits you.
You die...

Skill      XL: |  1  2  3  4 |
---------------+-------------+-----
Stealth        | 6 7 |  7.1
Fighting       | 2 |  2.4
Short Blades   | 3 |  3.8
Throwing       | |  1.5
Dodging        | |  1.1

Action                   |  1- 3 |  4- 6 || total
-------------------------+-------+-------++-------
Melee: Dagger            |    76 |    66 ||   142
       Bite              |     3 |     9 ||    12
       Unarmed           |       |     7 ||     7
 Abil: End Transformatio |       |     1 ||     1
       Bat Form          |       |     1 ||     1
  Use: Potion            |       |     4 ||     4
 Stab: Sleeping          |    13 |     4 ||    17
       Distracted        |       |     1 ||     1
Armor: Robe              |     7 |     8 ||    15
Dodge: Dodged            |    27 |    22 ||    49

Vault maps used:
D:1:      minmay_arrival_plants_in_alcoves
D:2:      grunt_temple_overflow_cloverleaf, first_bread
D:3:      nicolae_gozag_seed_capital, fedhas_altar_fruit_tree,
          lemuel_flame_loot_1
D:4:      uniq_sigmund
D:5:      nicolae_overflow_crystal_walls, minmay_temple_entry_statues

Notes
Turn   | Place    | Note
-------+----------+-------------------------------------------
     0 | D:1      | Jazqa the Vampire Assassin began the quest for the Orb.
     0 | D:1      | Reached XP level 1. HP: 16/16 MP: 1/1
    32 | D:1      | Reached skill level 6 in Stealth
    74 | D:1      | Reached skill level 2 in Fighting
    76 | D:1      | Reached XP level 2. HP: 22/22 MP: 2/2
   681 | D:2      | Reached skill level 3 in Short Blades
   681 | D:2      | Reached XP level 3. HP: 27/27 MP: 3/3
  2038 | D:2      | Reached XP level 4. HP: 31/34 MP: 4/4
  2598 | D:2      | HP: 1/34 [worm (10)]
  2667 | D:1      | HP: 1/34 [hobgoblin/club (1)]
  3440 | D:2      | Reached skill level 7 in Stealth
  3446 | D:2      | Found a burning altar of Makhleb.
  3446 | D:2      | Found a white marble altar of Elyvilon.
  3466 | D:2      | Found a bloodstained altar of Trog.
  3486 | D:2      | Found a stormy altar of Qazlal.
  3650 | D:3      | Found an opulent altar of Gozag.
  3677 | D:4      | Noticed Sigmund
  3677 | D:4      | Noticed Linguinho's ghost (weakling DsAs)
  3726 | D:5      | Entered Level 5 of the Dungeon
  4051 | D:5      | Found a staircase to the Ecumenical Temple.
  4051 | D:5      | Noticed a centaur
  4053 | D:5      | HP: 3/34 [centaur/arrow (2)]
  4059 | D:5      | Slain by a centaur

Vanquished Creatures
  3 adders (D:2)
  2 oozes
  3 worms (D:2)
  2 dart slugs (D:2)
  2 leopard geckos (D:2)
  A ball python (D:1)
  4 giant cockroaches
  8 goblins
  8 hobgoblins
  2 kobolds
  A quokka (D:3)
  3 bats (D:1)
  6 frilled lizards
  7 rats
52 creatures vanquished.
